| TOP OF THE 1ST |
|
Oakland Oaks batting - Pitching for Miami Beach Marlins : LHP Doug Whitling
|
|
Pitching: LHP Doug Whitling
|
|
|
Batting: LHB Justin LeFlore
|
0-0: Ground out 6-3 (Groundball, 56, EV 88.8 MPH)
|
|
Batting: SHB Steve McGee
|
0-0: Called Strike 0-1: Ball 1-1: SINGLE (Groundball, 6MD, EV 105.6 MPH)
|
|
Batting: RHB Phoctor Dill
|
0-0: Ball 1-0: Called Strike Steve McGee is caught stealing 2nd base 2-4 1-1: Ball 2-1: Ball 3-1: Foul Ball, location: 2F 3-2: Strikes out looking
|
| Top of the 1st over - 0 runs, 1 hit, 0 errors, 0 left on base; Oakland 0 - Miami Beach 0 |
| BOTTOM OF THE 1ST |
|
Miami Beach Marlins batting - Pitching for Oakland Oaks : RHP Kian-tat Guao
|
|
Pitching: RHP Kian-tat Guao
|
|
|
Batting: LHB Luis Ortegon
|
0-0: Ball 1-0: Ball 2-0: Ball 3-0: Called Strike 3-1: Base on Balls
|
|
Batting: RHB Corbin Chauvin
|
0-0: Swinging Strike 0-1: Foul Ball, location: 2F 0-2: Strikes out swinging
|
|
Batting: RHB Torquato Uso
|
0-0: Ball 1-0: Fly out, F5 (Popup, 56S, EV 73.1 MPH)
|
|
Batting: SHB Emmet Brickowski
|
0-0: Called Strike 0-1: Swinging Strike 0-2: Ball 1-2: Foul Ball, location: 2F 1-2: Ball 2-2: Strikes out swinging
|
| Bottom of the 1st over - 0 runs, 0 hits, 0 errors, 1 left on base; Oakland 0 - Miami Beach 0 |
| TOP OF THE 2ND |
|
Oakland Oaks batting - Pitching for Miami Beach Marlins : LHP Doug Whitling
|
|
Batting: RHB Shi-xian Da
|
0-0: Called Strike 0-1: Ball 1-1: Fly out, F8 (Flyball, 8LS, EV 85.0 MPH)
|
|
Batting: SHB Chris King
|
0-0: Ball 1-0: Called Strike 1-1: Swinging Strike 1-2: Ball 2-2: Foul Ball, location: 2F 2-2: Ball 3-2: Base on Balls
|
|
Batting: LHB Bryan Hodensack
|
0-0: Swinging Strike 0-1: Called Strike 0-2: Ball 1-2: Ground out 4-3 (Groundball, 4D, EV 101.2 MPH) Chris King to second
|
|
Batting: LHB Diego Vega
|
0-0: Called Strike 0-1: Ball 1-1: Ball 2-1: Ball 3-1: Called Strike 3-2: Strikes out swinging
|
| Top of the 2nd over - 0 runs, 0 hits, 0 errors, 1 left on base; Oakland 0 - Miami Beach 0 |
| BOTTOM OF THE 2ND |
|
Miami Beach Marlins batting - Pitching for Oakland Oaks : RHP Kian-tat Guao
|
|
Batting: LHB Henry Huezo
|
0-0: Called Strike 0-1: Ball 1-1: Foul Ball, location: 2F 1-2: Strikes out swinging
|
|
Batting: RHB Josh Jones
|
0-0: Called Strike 0-1: SOLO HOME RUN (Flyball, 7D, EV 100.0 MPH), Distance : 390 ft
|
|
Batting: RHB Chris Harlow
|
0-0: Called Strike 0-1: Called Strike 0-2: Ball 1-2: Ball 2-2: Strikes out swinging
|
|
Batting: RHB Francisco Valenzuela
|
0-0: Ball 1-0: Ball 2-0: Called Strike 2-1: Fly out, F9 (Flyball, 89M, EV 90.6 MPH)
|
| Bottom of the 2nd over - 1 run, 1 hit, 0 errors, 0 left on base; Oakland 0 - Miami Beach 1 |
| TOP OF THE 3RD |
|
Oakland Oaks batting - Pitching for Miami Beach Marlins : LHP Doug Whitling
|
|
Batting: RHB Mario Medina
|
0-0: Ball 1-0: SOLO HOME RUN (Flyball, 7D, EV 98.1 MPH), Distance : 389 ft
|
|
Batting: RHB Matt Nehman
|
0-0: Ball 1-0: Fly out, F7 (Line Drive, 78M, EV 91.2 MPH)
|
|
Batting: LHB Justin LeFlore
|
0-0: Called Strike 0-1: Ball 1-1: Called Strike 1-2: Foul Ball, location: 2F 1-2: Ball 2-2: Foul Ball, location: 2F 2-2: Strikes out swinging
|
|
Batting: SHB Steve McGee
|
0-0: Foul Ball, location: 2F 0-1: Swinging Strike 0-2: Ground out 6-3 (Groundball, 6, EV 80.0 MPH)
|
| Top of the 3rd over - 1 run, 1 hit, 0 errors, 0 left on base; Oakland 1 - Miami Beach 1 |
| BOTTOM OF THE 3RD |
|
Miami Beach Marlins batting - Pitching for Oakland Oaks : RHP Kian-tat Guao
|
|
Batting: RHB Hektor Luvian
|
0-0: Ball 1-0: Ball 2-0: Called Strike 2-1: Ball 3-1: Swinging Strike 3-2: Base on Balls
|
|
Batting: LHB Luis Ortegon
|
0-0: Called Strike 0-1: Ball 1-1: Ball 2-1: Ball 3-1: Base on Balls Hektor Luvian to second
|
|
Batting: RHB Corbin Chauvin
|
0-0: Ball 1-0: Foul Ball, location: 2F 1-1: Foul Ball, location: 2F 1-2: Ball 2-2: Strikes out swinging
|
|
Batting: RHB Torquato Uso
|
0-0: Foul Ball, location: 2F 0-1: Swinging Strike 0-2: Ball 1-2: Strikes out swinging
|
|
Batting: SHB Emmet Brickowski
|
0-0: Ball 1-0: Ball 2-0: Ball 3-0: Base on Balls Hektor Luvian to third Luis Ortegon to second
|
|
Batting: LHB Henry Huezo
|
0-0: Ball 1-0: Foul Ball, location: 2F 1-1: Foul Ball, location: 2F 1-2: GRAND SLAM HOME RUN (Line Drive, 89XD, EV 115.0 MPH), Distance : 434 ft
|
|
Pitching: RHP Herman McPherson
|
|
|
Batting: RHB Josh Jones
|
0-0: Foul Ball, location: 2F 0-1: Swinging Strike 0-2: Ball 1-2: Strikes out looking
|
| Bottom of the 3rd over - 4 runs, 1 hit, 0 errors, 0 left on base; Oakland 1 - Miami Beach 5 |
| TOP OF THE 4TH |
|
Oakland Oaks batting - Pitching for Miami Beach Marlins : LHP Doug Whitling
|
|
Batting: RHB Phoctor Dill
|
0-0: Called Strike 0-1: Ball 1-1: Ball 2-1: Ball 3-1: SINGLE (Line Drive, 6MD, EV 96.2 MPH)
|
|
Batting: RHB Shi-xian Da
|
0-0: Foul Ball, location: 2F 0-1: Fly out, F7 (Flyball, 7LM, EV 80.6 MPH)
|
|
Batting: SHB Chris King
|
0-0: Swinging Strike 0-1: Ball 1-1: Fly out, F7 (Flyball, 78M, EV 82.5 MPH)
|
|
Batting: LHB Bryan Hodensack
|
0-0: Fly out, F7 (Flyball, 7S, EV 83.1 MPH)
|
| Top of the 4th over - 0 runs, 1 hit, 0 errors, 1 left on base; Oakland 1 - Miami Beach 5 |
| BOTTOM OF THE 4TH |
|
Miami Beach Marlins batting - Pitching for Oakland Oaks : RHP Herman McPherson
|
|
Batting: RHB Chris Harlow
|
0-0: Called Strike 0-1: Swinging Strike 0-2: Ball 1-2: Foul Ball, location: 2F 1-2: Strikes out swinging
|
|
Batting: RHB Francisco Valenzuela
|
0-0: Ball 1-0: Ball 2-0: Swinging Strike 2-1: Fly out, F9 (Flyball, 9D, EV 89.4 MPH)
|
|
Batting: RHB Hektor Luvian
|
0-0: Foul Ball, location: 2F 0-1: Foul Ball, location: 2F 0-2: Ground out 5-3 (Groundball, 5, EV 85.0 MPH)
|
| Bottom of the 4th over - 0 runs, 0 hits, 0 errors, 0 left on base; Oakland 1 - Miami Beach 5 |
| TOP OF THE 5TH |
|
Oakland Oaks batting - Pitching for Miami Beach Marlins : LHP Doug Whitling
|
|
Batting: LHB Diego Vega
|
0-0: Ball 1-0: Ball 2-0: Foul Ball, location: 2F 2-1: Called Strike 2-2: Foul Ball, location: 2F 2-2: Fly out, F8 (Line Drive, 78M, EV 87.5 MPH)
|
|
Batting: RHB Mario Medina
|
0-0: Ball 1-0: Foul Ball, location: 2F 1-1: Ground out 3-1 (Groundball, 34S, EV 88.8 MPH)
|
|
Batting: RHB Matt Nehman
|
0-0: Ball 1-0: Swinging Strike 1-1: Foul Ball, location: 2F 1-2: Ground out 6-3 (Groundball, 6, EV 80.0 MPH)
|
| Top of the 5th over - 0 runs, 0 hits, 0 errors, 0 left on base; Oakland 1 - Miami Beach 5 |
| BOTTOM OF THE 5TH |
|
Miami Beach Marlins batting - Pitching for Oakland Oaks : RHP Herman McPherson
|
|
Batting: LHB Luis Ortegon
|
0-0: Called Strike 0-1: Ball 1-1: Ball 2-1: Ball 3-1: Foul Ball, location: 2F 3-2: Strikes out swinging
|
|
Batting: RHB Corbin Chauvin
|
0-0: Foul Ball, location: 2F 0-1: Ball 1-1: Ball 2-1: Foul Ball, location: 2F 2-2: SINGLE (Line Drive, 89S, EV 107.5 MPH)
|
|
Batting: RHB Torquato Uso
|
0-0: Ball 1-0: Grounds into double play, 5-4-3 (Groundball, 56, EV 76.9 MPH)
|
| Bottom of the 5th over - 0 runs, 1 hit, 0 errors, 0 left on base; Oakland 1 - Miami Beach 5 |
| TOP OF THE 6TH |
|
Oakland Oaks batting - Pitching for Miami Beach Marlins : LHP Doug Whitling
|
|
Batting: LHB Justin LeFlore
|
0-0: Called Strike 0-1: Called Strike 0-2: Ball 1-2: Ball 2-2: Foul Ball, location: 2F 2-2: Ball 3-2: Base on Balls
|
|
Pitching: RHP Freddie Robe
|
|
|
Batting: SHB Steve McGee
|
0-0: Foul Ball, location: 2F 0-1: Foul Ball, location: 2F 0-2: Ball 1-2: Ball 2-2: Foul Ball, location: 2F 2-2: Fielders Choice at 2nd, 6-4 (Groundball, 6, EV 81.2 MPH)
|
|
Batting: RHB Phoctor Dill
|
0-0: Grounds into double play, 6-4-3 (Groundball, 6, EV 102.5 MPH)
|
| Top of the 6th over - 0 runs, 0 hits, 0 errors, 0 left on base; Oakland 1 - Miami Beach 5 |
| BOTTOM OF THE 6TH |
|
Miami Beach Marlins batting - Pitching for Oakland Oaks : RHP Herman McPherson
|
|
Batting: SHB Emmet Brickowski
|
0-0: Called Strike 0-1: Called Strike 0-2: Ground out 5-3 (Groundball, 56, EV 84.4 MPH)
|
|
Batting: LHB Henry Huezo
|
0-0: Foul Ball, location: 2F 0-1: Foul Ball, location: 2F 0-2: Ball 1-2: Ball 2-2: Foul Ball, location: 2F 2-2: Ball 3-2: Fly out, F7 (Flyball, 7, EV 89.4 MPH)
|
|
Batting: RHB Josh Jones
|
0-0: Fly out, F7 (Line Drive, 78D, EV 94.4 MPH)
|
| Bottom of the 6th over - 0 runs, 0 hits, 0 errors, 0 left on base; Oakland 1 - Miami Beach 5 |
| TOP OF THE 7TH |
|
Oakland Oaks batting - Pitching for Miami Beach Marlins : RHP Freddie Robe
|
|
Batting: RHB Shi-xian Da
|
0-0: Ball 1-0: Fly out, F6 (Line Drive, 56, EV 68.8 MPH)
|
|
Batting: SHB Chris King
|
0-0: Ball 1-0: Swinging Strike 1-1: Ball 2-1: Ball 3-1: Base on Balls
|
|
Batting: LHB Bryan Hodensack
|
0-0: Ball 1-0: Foul Ball, location: 2F 1-1: Ball 2-1: Fly out, F8 (Flyball, 8RXD, EV 101.2 MPH)
|
|
Batting: LHB Diego Vega
|
0-0: Ball Wild Pitch! Chris King to second 1-0: Foul Ball, location: 2F 1-1: Foul Ball, location: 2F 1-2: Ball 2-2: Strikes out swinging
|
| Top of the 7th over - 0 runs, 0 hits, 0 errors, 1 left on base; Oakland 1 - Miami Beach 5 |
| BOTTOM OF THE 7TH |
|
Miami Beach Marlins batting - Pitching for Oakland Oaks : RHP Herman McPherson
|
|
Batting: RHB Chris Harlow
|
0-0: Foul Ball, location: 2F 0-1: Ball 1-1: Foul Ball, location: 2F 1-2: Strikes out swinging
|
|
Batting: RHB Francisco Valenzuela
|
0-0: Ball 1-0: Ball 2-0: Ball 3-0: Called Strike 3-1: Foul Ball, location: 2F 3-2: Strikes out looking
|
|
Batting: RHB Hektor Luvian
|
0-0: Ground out 3-1 (Groundball, 34, EV 106.9 MPH)
|
| Bottom of the 7th over - 0 runs, 0 hits, 0 errors, 0 left on base; Oakland 1 - Miami Beach 5 |
| TOP OF THE 8TH |
|
Oakland Oaks batting - Pitching for Miami Beach Marlins : RHP Freddie Robe
|
|
Batting: RHB Mario Medina
|
0-0: Foul Ball, location: 2F 0-1: Ground out 6-3 (Groundball, 6, EV 82.5 MPH)
|
|
Batting: LHB Ben Goldstein
|
0-0: Ball 1-0: Foul Ball, location: 2F 1-1: Ball 2-1: Foul Ball, location: 2F 2-2: Fly out, F9 (Flyball, 9D, EV 83.8 MPH)
|
|
Batting: LHB Justin LeFlore
|
0-0: Called Strike 0-1: Ball 1-1: DOUBLE (Flyball, 8RXD, EV 99.4 MPH)
|
|
Pitching: LHP Tom Boyko
|
|
|
Batting: SHB Steve McGee
|
0-0: Swinging Strike 0-1: Called Strike 0-2: Ball 1-2: Strikes out swinging
|
| Top of the 8th over - 0 runs, 1 hit, 0 errors, 1 left on base; Oakland 1 - Miami Beach 5 |
| BOTTOM OF THE 8TH |
|
Miami Beach Marlins batting - Pitching for Oakland Oaks : RHP Herman McPherson
|
|
Pitching: RHP Santiago Gonzalez
|
|
|
Batting: LHB Luis Ortegon
|
0-0: Ball 1-0: Ground out 4-3 (Groundball, 4MS, EV 88.1 MPH)
|
|
Batting: RHB Corbin Chauvin
|
0-0: Ground out 4-3 (Groundball, 4M, EV 88.1 MPH)
|
|
Batting: RHB Torquato Uso
|
0-0: Swinging Strike 0-1: Called Strike 0-2: Ball 1-2: Ball 2-2: Ball 3-2: Foul Ball, location: 2F 3-2: Base on Balls
|
|
Batting: SHB Emmet Brickowski
|
0-0: Fly out, F9 (Flyball, 89S, EV 97.5 MPH)
|
| Bottom of the 8th over - 0 runs, 0 hits, 0 errors, 1 left on base; Oakland 1 - Miami Beach 5 |
| TOP OF THE 9TH |
|
Oakland Oaks batting - Pitching for Miami Beach Marlins : LHP Tom Boyko
|
|
Pitching: RHP Kyle Beabout
|
|
|
Batting: RHB Phoctor Dill
|
0-0: Ball 1-0: Foul Ball, location: 2F 1-1: Called Strike 1-2: Ball 2-2: Ball 3-2: Base on Balls
|
|
Pinch Hitting: RHB Bill Cabrera
|
0-0: Ball 1-0: Foul Ball, location: 2F 1-1: Foul Ball, location: 2F 1-2: Ball 2-2: Ball 3-2: Foul Ball, location: 2F 3-2: 2-RUN HOME RUN (Flyball, 89XD, EV 114.4 MPH), Distance : 433 ft
|
|
Batting: SHB Chris King
|
0-0: Fly out, F8 (Flyball, 8LM, EV 95.0 MPH)
|
|
Pinch Hitting: RHB Moises Guzman
|
0-0: Swinging Strike 0-1: Ball 1-1: SINGLE (Groundball, 56D, EV 95.0 MPH)
|
|
Batting: LHB Diego Vega
|
0-0: Called Strike 0-1: Ball 1-1: Foul Ball, location: 2F 1-2: Ball 2-2: Fielders Choice at 2nd, 3-6 (Groundball, 3, EV 83.1 MPH)
|
|
Batting: RHB Mario Medina
|
0-0: Ball 1-0: Fly out, F8 (Flyball, 8LS, EV 88.8 MPH)
|
| Top of the 9th over - 2 runs, 2 hits, 0 errors, 1 left on base; Oakland 3 - Miami Beach 5 |
|